 Dungeon Crawl Stone Soup version 0.13.0 (webtiles) character file.

8610 Malachi the Cleaver (level 11, -3/82 HPs)
             Began as a Demonspawn Berserker on Oct 12, 2013.
             Was a High Priest of Trog.
             Killed from afar by a Hell Sentinel (44 damage)
             ... with a blast of hellfire
             ... on Level 1 of the Abyss.
             The game lasted 00:26:41 (8954 turns).

Malachi the Cleaver (Demonspawn Berserker)          Turns: 8954, Time: 00:26:43

HP  -3/82        AC 21     Str 19      XL: 11   Next:  5%
MP   4/4         EV 10     Int  9      God: Trog [*****.]
Gold 540         SH  0     Dex 12      Spells:  0 memorised, 10 levels left

Res.Fire  : . . .   See Invis. : .   m - +0,+8 battleaxe (antimagic)
Res.Cold  : + . .   Warding    : +   L - +5 scale mail {MR+}
Life Prot.: + . .   Conserve   : .   (no shield)
Res.Poison: +       Res.Corr.  : .   (helmet restricted)
Res.Elec. : .       Clarity    : .   (no cloak)
Sust.Abil.: . .     Spirit.Shd : .   (no gloves)
Res.Mut.  : .       Stasis     : .   I - +1 pair of orc boots
Res.Rott. : .       Flight     : .   h - amulet of warding
Saprovore : . . .                    (no ring)
                                     f - ring of poison resistance

@: exhausted, slowed, very slow, quite resistant to hostile enchantments,
extremely unstealthy
A: horns 1, blurry vision 1, cold resistance 1, conserve potions, demonic
guardian 1, AC +6, Str -2
a: Burn Spellbooks, Berserk, Trog's Hand, Brothers in Arms, Renounce Religion


You were on level 1 of the Abyss.
You worshipped Trog.
Trog was extremely pleased with you.
You were very hungry.

You visited 1 branch of the dungeon, and saw 10 of its levels.
You visited the Abyss 2 times.

You collected 520 gold pieces.

Inventory:

Hand weapons
 a - a cursed +0,+0 hand axe {=f}
 m - a +0,+8 anti-magic battleaxe (weapon)
 t - a +0,+0 scythe
 F - a -1,+1 orcish war axe
 J - the +3,+2 war axe of the Shining Light {flame, Dex+3}
   (You found it on level 7 of the Dungeon)

   It emits flame when wielded, causing extra injury to most foes and up to
   double damage against particularly susceptible opponents.
   Big, fiery blades are also staple armaments of hydra-hunters.
   It affects your dexterity (+3).
 K - a +0,+4 dire flail of crushing
Missiles
 M - 22 arrows of flame
 P - 5 silver javelins (quivered)
Armour
 b - a +0 animal skin
 s - a +0 pair of boots
 C - a +0 buckler
 I - a +1 pair of orcish boots (worn)
 L - a +5 scale mail of magic resistance (worn)
Magical devices
 k - a wand of lightning (5)
 p - a wand of digging (10)
 x - a wand of lightning (4)
 B - a wand of frost (17) {unknown}
Comestibles
 c - 6 bread rations
 d - 5 meat rations
 N - an apple
Scrolls
 e - a scroll of teleportation
 g - 9 scrolls of remove curse
 i - 2 scrolls of fear
 l - a scroll of noise
 n - a scroll of enchant weapon I
 r - a scroll of identify
 u - 2 scrolls of magic mapping
 w - a scroll of recharging {unknown}
 A - a scroll of blinking
 E - 2 scrolls of enchant armour
Jewellery
 f - a ring of poison resistance (left hand)
 h - an amulet of warding (around neck)
 y - an uncursed ring of fire
 R - an uncursed ring of positive energy
Potions
 j - 3 potions of magic
 o - 3 potions of confusion
 q - 4 potions of curing
 v - 3 potions of restore abilities
 z - a potion of might


   Skills:
 + Level 6.8 Fighting
 * Level 9.4 Axes
 - Level 3.1 Maces & Flails
 - Level 4.4 Polearms
 + Level 6.7 Armour
 + Level 8.6 Dodging
 - Level 1.3 Stealth
 + Level 1.6 Evocations


You had 10 spell levels left.
You didn't know any spells.

Dungeon Overview and Level Annotations

Branches:
Dungeon (10/27)            Temple (0/1) D:4             Orc (0/4) D:7
   Lair: D:8-13

Altars:
Ashenzari
Cheibriados
Elyvilon
Kikubaaqudgha
Makhleb
Okawaru
Trog
Yredelemnul
the Shining One

Shops:
D:8 ?

Annotations:
D:10 Sonja


Innate Abilities, Weirdness & Mutations

You have a pair of small horns on your head.
You are mostly covered in iridescent scales (AC +6).
Your flesh is cold resistant.
You are very good at protecting items from cold.
A weak demonic guardian rushes to your aid.
[Your vision is a little blurry.]
[You are weak. (Str -2)]


Message History

The large abomination barely misses you.
The Hell Sentinel hits you but does no damage.
The Hell Sentinel hits you!
You slice the large abomination!!
You kill the large abomination!
Trog accepts your kill.
You have reached level 11!
You feel a strong urge to attack something.
You are no longer berserk.
You are exhausted.
You feel yourself slow down.
You are feeling very hungry.
The Hell Sentinel gestures at you.
The hellfire explodes!
The blast of hellfire engulfs your lemure.
Your lemure dies!
The blast of hellfire engulfs you!
One of your 3 scrolls of fear catches fire!
Ouch! That really hurt!
You die...

.. ...... . .
.. .. ....# .#
#... .. .# ..
.###..........#
#..#.#......
.... #....#.##.
..... #...####
. ##.
#....###.. #
.#@.# . #.#..#
.#.## #.#1#
###.# #.# #.#
#.# #..


You could see a Hell Sentinel.

Vanquished Creatures
  An eidolon (Abyss:1)
  Erica (D:10)
  A large abomination (Abyss:1)
  The ghost of elenap21 the Covert, an experienced SpEn of Okawaru (D:8)
  Pikel (D:6)
  Grinder (D:5)
  A hill giant zombie (D:8)
  A hippogriff (D:7)
  2 manticores
  Edmund (D:6)
  2 hungry ghosts
  A small abomination (Abyss:1)
  2 orc warriors
  3 sky beasts
  3 centaurs
  3 ice beasts
  2 ogres (D:9)
  Sigmund (D:2)
  Duvessa (D:6)
  Blork the orc (D:5)
  6 giant frogs
  2 gnoll sergeants
  An eye of draining (D:9)
  A yak skeleton (D:9)
  3 wights (D:8)
  Dowan (D:6)
  4 crimson imps
  A goliath beetle (D:9)
  A giant frog zombie (D:7)
  8 orc priests
  A jelly (D:8)
  4 hounds
  An iron imp (Abyss:2)
  9 orc wizards
  5 worker ants
  An iguana (D:5)
  6 scorpions
  Ijyb (D:3)
  Jessica (D:2)
  A hound skeleton (D:7)
  A mummy (Abyss:2)
  11 gnolls
  7 adders
  An inept feature mimic (D:3)
  A white imp (D:8)
  4 worms
  2 giant mites
  A giant eyeball (D:6)
  7 giant geckos
  2 oozes
  25 orcs
  2 giant cockroaches
  14 goblins
  13 hobgoblins
  4 quokkas
  A ball python (D:4)
  14 bats
  A giant newt (D:3)
  4 jackals (D:4)
  14 kobolds
  11 rats
  A ballistomycete (D:8)
  A fungus (D:6)
230 creatures vanquished.

Vanquished Creatures (collateral kills)
  A manticore (D:8)
  A giant frog (D:7)
  An ufetubus (Abyss:2)
  An orc (D:8)
  A kobold (D:9)
5 creatures vanquished.

Vanquished Creatures (others)
  4 crimson imps
  5 iron imps
  3 lemures
  8 white imps
  10 ufetubi
  A giant spore (D:8)
  A fungus (D:6)
32 creatures vanquished.

Grand Total: 267 creatures vanquished

Notes
Turn   | Place    | Note
--------------------------------------------------------------
     0 | D:1      | Malachi, the Demonspawn Berserker, began the quest for the Orb.
     0 | D:1      | Reached XP level 1. HP: 18/18 MP: 0/0
   217 | D:1      | Gained mutation: Your flesh is cold resistant. [demonic ancestry]
   217 | D:1      | Reached XP level 2. HP: 12/24 MP: 1/1
   772 | D:2      | Reached XP level 3. HP: 7/30 MP: 2/2
   925 | D:2      | Noticed Sigmund
   934 | D:2      | Killed Sigmund
   934 | D:2      | Reached skill level 4 in Axes
   934 | D:2      | Reached XP level 4. HP: 36/36 MP: 3/3
  1339 | D:2      | Found a snail-covered altar of Cheibriados.
  1356 | D:2      | Acquired Trog's second power
  1396 | D:2      | Found an iron altar of Okawaru.
  1510 | D:2      | Noticed Jessica
  1523 | D:2      | Killed Jessica
  1523 | D:2      | Gained mutation: You are partially covered in iridescent scales (AC +4). [demonic ancestry]
  1523 | D:2      | Reached XP level 5. HP: 32/42 MP: 4/4
  1591 | D:3      | Noticed Ijyb
  1608 | D:3      | Killed Ijyb
  1608 | D:3      | Reached skill level 1 in Polearms
  2538 | D:4      | Found an ancient bone altar of Kikubaaqudgha.
  2636 | D:4      | Found a staircase to the Ecumenical Temple.
  2772 | D:4      | Found a white marble altar of Elyvilon.
  3016 | D:5      | Entered Level 5 of the Dungeon
  3016 | D:5      | Noticed Grinder
  3023 | D:5      | Paralysed by Grinder for 6 turns
  3029 | D:5      | Killed Grinder
  3029 | D:5      | Reached skill level 1 in Stealth
  3029 | D:5      | Reached XP level 6. HP: 49/49 MP: 5/5
  3044 | D:5      | Gained mutation: A weak demonic guardian rushes to your aid. [demonic ancestry]
  3044 | D:5      | Reached XP level 7. HP: 38/54 MP: 6/6
  3254 | D:5      | Noticed Blork the orc
  3259 | D:5      | Killed Blork the orc
  3306 | D:5      | Found a glowing golden altar of the Shining One.
  3574 | D:6      | Reached skill level 5 in Dodging
  3617 | D:6      | Noticed Duvessa
  3617 | D:6      | Noticed Dowan
  3630 | D:6      | Killed Duvessa
  3632 | D:6      | Killed Dowan
  3736 | D:6      | Paralysed by a giant eyeball for 4 turns
  3840 | D:6      | Noticed Edmund
  3855 | D:6      | Killed Edmund
  3855 | D:6      | Gained mutation: You are very good at protecting items from cold. [demonic ancestry]
  3855 | D:6      | Reached XP level 8. HP: 29/61 MP: 7/7
  4244 | D:6      | Noticed Pikel
  4254 | D:6      | Killed Pikel
  4254 | D:6      | Reached skill level 5 in Fighting
  4254 | D:6      | Reached skill level 6 in Dodging
  4522 | D:6      | Reached skill level 5 in Axes
  4658 | D:6      | Acquired Trog's third power
  4679 | D:6      | Reached skill level 1 in Maces & Flails
  5147 | D:7      | Got an iridescent war axe
  5148 | D:7      | Identified the cursed war axe of the Shining Light {flame, Dex+3} (You found it on level 7 of the Dungeon)
  5174 | D:7      | Gained mutation: You are mostly covered in iridescent scales (AC +6). [demonic ancestry]
  5174 | D:7      | Reached XP level 9. HP: 63/67 MP: 8/8
  5295 | D:7      | Found a staircase to the Orcish Mines.
  5481 | D:7      | Reached skill level 7 in Dodging
  5534 | D:7      | Found a burning altar of Makhleb.
  5885 | D:8      | Reached skill level 5 in Armour
  6334 | D:8      | Found Oroew's Magic Scroll Shop.
  6419 | D:8      | Noticed elenap21's ghost (experienced SpEn)
  6442 | D:8      | Killed elenap21's ghost
  6442 | D:8      | Reached skill level 1 in Evocations
  6585 | D:8      | Gained mutation: You have a pair of small horns on your head. [demonic ancestry]
  6585 | D:8      | Reached XP level 10. HP: 63/75 MP: 10/10
  6595 | D:8      | Found a basalt altar of Yredelemnul.
  6687 | D:8      | Found a bloodstained altar of Trog.
  6837 | D:8      | Found a shattered altar of Ashenzari.
  7199 | D:9      | Received a gift from Trog
  7396 | D:9      | Reached skill level 8 in Axes
  7919 | D:10     | Entered Level 10 of the Dungeon
  7919 | D:10     | Noticed Sonja
  8099 | D:10     | Noticed Erica
  8112 | D:10     | Killed Erica
  8179 | D:10     | Cast into the Abyss (Sonja)
  8211 | Abyss:1  | Noticed an eidolon
  8238 | Abyss:1  | Killed an eidolon
  8238 | Abyss:1  | Reached skill level 9 in Axes
  8402 | Abyss:1  | Noticed a wretched star
  8504 | Abyss:1  | Found a corrupted altar of Lugonu.
  8510 | Abyss:1  | Noticed a wretched star
  8518 | Abyss:2  | Found a roughly hewn altar of Beogh.
  8617 | Abyss:2  | Noticed a phantasmal warrior
  8700 | Abyss:2  | Noticed a tentacled monstrosity
  8714 | Abyss:2  | Noticed a large abomination
  8740 | Abyss:2  | HP: 3/76 [tentacled monstrosity (9)]
  8778 | Abyss:2  | Found a shimmering altar of Xom.
  8789 | D:10     | Escaped the Abyss
  8923 | D:10     | Cast into the Abyss (Sonja)
  8932 | Abyss:1  | Noticed a large abomination
  8940 | Abyss:1  | Noticed a Hell Sentinel
  8950 | Abyss:1  | Killed a large abomination
  8950 | Abyss:1  | Reached XP level 11. HP: 59/82 MP: 4/13
  8954 | Abyss:1  | Killed from afar by a Hell Sentinel

Action                   |  1- 3 |  4- 6 |  7- 9 | 10-12 || total
-------------------------+-------+-------+-------+-------++-------
Melee: Hand axe          |   101 |       |       |       ||   101
       Scythe            |       |   189 |    43 |       ||   232
       War axe           |       |       |   259 |    94 ||   353
       Dire flail        |       |       |    64 |       ||    64
       Battleaxe         |       |       |       |    96 ||    96
Invok: Berserk           |     1 |     1 |     8 |     8 ||    18
       Trog's Hand       |       |       |       |     1 ||     1
Evoke: Wand              |       |       |     4 |     2 ||     6
  Use: Potion            |     1 |       |       |     6 ||     7
       Scroll            |       |       |    19 |     4 ||    23
 Stab: Sleeping          |       |     2 |       |       ||     2
       Distracted        |       |       |     2 |       ||     2
       Held in net/web   |       |       |     1 |       ||     1
